Map: Weißwasserküste LE

Players

SirPeter

  • Race: Terran Terran
  • Spawn Location: 12:00

RAssassin - Winner!

  • Race: Protoss Protoss
  • Spawn Location: 7:00

Draxx

  • Race: Terran Terran
  • League: Platinum
  • Spawn Location: 1:00

interzone - Winner!

  • Race: Zerg Zerg
  • Spawn Location: 6:00

VOD

Have the link to the VOD?

Description

Time

  • Played on: Oct. 11, 2020, 5:11 a.m.
  • Length: 23:27
Show
View Real Time Build Order
Export as new Build Order

SirPeter Terran 

Build Orders:  

Get SALT Encoding   

  12  0:00  SCV  
  13  0:12  SCV  
  14  0:27  SCV  
  15  0:28  Supply Depot  
  15  0:50  SCV  
  15  0:55  Barracks  
  16  1:02  Refinery  
  16  1:06  Refinery  
  16  1:18  Supply Depot  
  16  1:20  SCV  
  17  1:32  SCV  
  18  1:41  Supply Depot  
  18  1:51  Orbital Command  
  18  1:59  Marine  
  19  2:16  Marine  
  20  2:34  Marine  
  21  2:52  Marine  
  22  3:08  SCV  
  22  3:10  Command Center, Marine  
  24  3:20  SCV  
  25  3:33  SCV  
  26  3:35  Engineering Bay  
  26  3:45  SCV  
  27  3:57  SCV  
  28  4:09  SCV  
  29  4:21  SCV  
  30  4:40  Refinery  
  30  4:41  Sensor Tower  
  30  4:43  Orbital Command  
  30  4:46  Sensor Tower  
  30  5:22  SCV  
  31  5:49  SCV  
  32  5:53  Command Center  
  32  6:01  SCV  
  33  6:10  Factory  
  33  6:13  SCV  
  33  6:14  Factory  
  33  6:15  Factory  
  33  6:16  Factory  
  34  6:19  Factory  
  34  6:25  SCV  
  34  6:32  SCV  
  36  6:37  SCV  
  37  6:44  SCV  
  38  6:49  Refinery  
  38  6:50  SCV  
  39  6:56  SCV  
  40  7:02  SCV  
  40  7:08  SCV  
  42  7:11  Factory Tech Lab x5  
  42  7:14  SCV  
  43  7:20  SCV  
  44  7:26  SCV  
  44  7:28  Armory  
  45  7:30  Armory  
  45  7:45  Refinery  
  45  7:47  Orbital Command  
  45  7:48  Refinery  
  45  8:06  SCV  
  46  8:18  SCV, Supply Depot  
  47  8:22  Supply Depot  
  47  8:23  Supply Depot x2  
  47  8:24  Supply Depot  
  47  8:26  SCV, Supply Depot  
  48  8:36  Thor  
  48  8:37  Thor x2  
  48  8:38  SCV  
  48  8:40  Thor  
  73  8:44  Thor  
  79  8:50  SCV  
  80  8:57  Terran Vehicle Weapons Level 1  
  80  8:58  Terran Vehicle And Ship Armor Level 1  
  80  9:02  SCV  
  81  9:08  Engineering Bay  
  81  9:14  SCV  
  82  9:21  Command Center  
  88  9:29  SCV  
  89  9:39  Thor  
  89  9:41  SCV  
  96  9:53  SCV  
  97  10:05  SCV  
  98  10:17  SCV, Thor  
  117  10:32  Supply Depot  
  117  10:33  Command Center  
  117  10:34  Supply Depot  
  117  10:35  Supply Depot x2  
  123  10:36  Supply Depot  
  123  10:37  Supply Depot  
  123  10:41  Thor x2  
  123  10:42  Thor  
  123  10:43  Thor  
  123  10:51  Terran Ship Weapons Level 1  
  123  10:52  Terran Vehicle Weapons Level 2  
  123  11:00  Thor  
  129  11:24  Thor  
  129  11:25  Thor  
  147  11:26  Thor  
  147  11:27  Thor  
  153  11:43  Hellbat  
  138  12:04  Thor  
  138  12:06  Thor  
  138  12:08  Thor  
  114  12:09  Thor  
  114  12:10  Hellbat  
  114  12:31  Thor  
  94  12:47  Hellbat  
  94  12:50  Hellbat  
  94  12:51  Hellbat  
  74  13:08  Thor x2  
  74  13:11  Thor  
  74  13:12  Thor  
  88  13:14  Thor  
  89  13:52  Hellbat  
  89  13:54  Hellbat  
  99  14:58  Command Center  
  99  15:10  Planetary Fortress  
  99  15:20  SCV  
  100  15:44  Thor  
  124  15:54  Terran Vehicle And Ship Armor Level 2  
  124  16:23  Refinery  
  124  16:28  Hellbat  
  124  16:49  Hellbat  
  126  17:04  Thor  
  126  17:05  Thor  
  126  17:06  Thor  
  126  17:07  Thor  
  126  17:10  Hellbat  
  128  17:31  Thor  
  134  17:47  Hellbat  
  134  17:48  Hellbat  
  134  17:49  Thor  
  134  17:50  Thor  
  150  17:58  Planetary Fortress  
  150  18:09  Hellbat x2  
  144  18:15  Hellbat  
  100  18:30  Hellbat, Thor  
  100  18:32  Hellbat  
  100  18:33  Hellbat  
  100  18:36  Hellbat  
  102  18:51  Hellbat  
  102  18:53  Hellbat  
  102  18:54  Hellbat  
  106  18:57  Hellbat  
  100  19:13  Hellbat  
  100  19:14  Hellbat  
  100  19:15  Hellbat  
  100  19:16  Hellbat  
  102  19:19  Hellbat  
  104  19:34  Hellbat  
  104  19:35  Hellbat  
  104  19:36  Hellbat  
  104  19:37  Hellbat  
  112  19:40  Thor  
  118  19:55  Thor  
  118  19:56  Hellbat  
  118  19:57  Hellbat  
  118  19:59  Hellbat  
  119  20:18  Hellbat  
  119  20:19  Hellbat  
  119  20:20  Hellbat  
  117  20:23  Hellbat  
  119  20:38  Hellbat  
  119  20:39  Hellbat  
  119  20:40  Hellbat  
  119  20:41  Hellbat  
  119  20:44  Hellbat  
  68  21:00  Hellbat  
  68  21:01  Hellbat  
  68  21:02  Hellbat  
  68  21:03  Hellbat  
  68  21:06  Hellbat  
  64  21:16  Orbital Command  
  64  21:21  Hellbat  
  84  21:27  Hellbat  
Show
View Real Time Build Order
Export as new Build Order

RAssassin Protoss - Winner!

Build Orders: Double Forge 

Get SALT Encoding   

  12  0:00  Probe  
  13  0:12  Probe  
  14  0:20  Pylon  
  14  0:24  Probe  
  15  0:38  Probe (Chrono Boost)  
  16  0:47  Probe (Chrono Boost)  
  17  0:52  Probe (Chrono Boost)  
  18  1:04  Probe  
  19  1:11  Nexus  
  19  1:16  Probe (Chrono Boost)  
  19  1:17  Pylon  
  20  1:28  Probe (Chrono Boost)  
  21  1:35  Gateway  
  21  1:37  Probe (Chrono Boost)  
  22  1:42  Forge  
  22  1:51  Assimilator  
  22  1:57  Pylon  
  22  2:02  Pylon  
  22  2:08  Probe (Chrono Boost), Pylon  
  23  2:18  Probe (Chrono Boost)  
  24  2:23  Probe (Chrono Boost)  
  25  2:40  Photon Cannon  
  25  2:42  Photon Cannon  
  25  2:46  Photon Cannon  
  25  2:48  Probe (Chrono Boost)  
  25  2:50  Assimilator  
  27  2:52  Probe (Chrono Boost)  
  28  2:59  Probe (Chrono Boost)  
  28  3:02  Pylon  
  28  3:03  Probe (Chrono Boost)  
  29  3:07  Pylon  
  29  3:10  Probe, Pylon  
  30  3:22  Probe  
  31  3:36  Photon Cannon  
  31  3:37  Probe (Chrono Boost)  
  31  3:40  Photon Cannon  
  32  3:41  Probe (Chrono Boost)  
  32  3:43  Photon Cannon  
  34  3:51  Probe (Chrono Boost), Assimilator  
  34  3:52  Probe (Chrono Boost)  
  35  3:56  Probe (Chrono Boost)  
  35  3:59  Probe  
  35  4:00  Cybernetics Core  
  37  4:06  Forge  
  37  4:08  Probe  
  38  4:11  Probe  
  39  4:19  Gateway x2  
  39  4:25  Gateway  
  39  4:28  Assimilator  
  39  4:46  Twilight Council  
  39  4:47  Probe (Chrono Boost)  
  40  4:56  Probe (Chrono Boost)  
  41  5:01  Probe (Chrono Boost)  
  41  5:06  Protoss Ground Weapons Level 1 (Chrono Boost)  
  42  5:07  Protoss Shields Level 1 (Chrono Boost)  
  42  5:10  Warp Gate  
  42  5:13  Probe, Gateway x2  
  43  5:17  Gateway  
  43  5:19  Zealot, Gateway  
  45  5:21  Zealot  
  45  5:24  Sentry  
  45  5:25  Probe  
  45  5:27  Sentry  
  52  5:54  Stalker x3  
  52  5:55  Stalker  
  60  6:00  Stalker  
  62  6:04  Blink (Chrono Boost)  
  62  6:05  Stalker  
  62  6:07  Stalker  
  66  6:12  Stalker  
  68  6:23  Stalker  
  68  6:24  Stalker x2  
  74  6:40  Sentry  
  74  6:41  Sentry  
  74  6:42  Stalker  
  74  6:44  Zealot x2  
  84  7:02  Protoss Ground Armor Level 1 (Chrono Boost)  
  84  7:07  Templar Archives  
  84  7:32  Protoss Ground Weapons Level 2 (Chrono Boost)  
  84  7:58  Charge  
  84  8:07  Nexus  
  84  8:11  Assimilator  
  84  8:13  Assimilator  
  84  8:16  Pylon  
  84  8:18  Pylon, Psionic Storm  
  84  8:22  Pylon  
  84  8:24  High Templar x2  
  84  8:26  Zealot  
  84  8:27  Pylon, Zealot  
  92  8:43  Pylon  
  92  8:47  Pylon  
  92  8:49  Pylon  
  92  8:52  Pylon  
  92  8:55  Pylon  
  92  8:57  Protoss Shields Level 2 (Chrono Boost)  
  92  9:06  Robotics Facility  
  92  9:12  Stalker x4  
  92  9:13  Stalker x4  
  108  9:28  Probe  
  108  9:30  Probe x2  
  111  9:41  Probe  
  111  9:42  Probe  
  111  9:43  Probe  
  114  9:53  Probe, Stalker x3  
  114  9:54  Stalker x5  
  114  9:55  Probe x2  
  133  10:05  Probe  
  133  10:07  Probe x2  
  136  10:17  Probe  
  136  10:19  Probe  
  139  10:21  Observer  
  139  10:33  High Templar  
  139  10:34  High Templar x3  
  148  10:42  Observer  
  148  10:44  Protoss Ground Weapons Level 3 (Chrono Boost)  
  148  11:14  High Templar  
  148  11:16  High Templar  
  152  11:20  Colossus x2  
  144  11:28  Protoss Ground Armor Level 2 (Chrono Boost)  
  136  11:56  Archon  
  124  12:14  Archon  
  110  12:29  Stalker x5  
  106  12:30  Stalker x3  
  74  13:13  Stalker x2  
  74  13:14  Stalker x4  
  74  13:15  Stalker x2  
  86  13:43  Zealot x3  
  86  13:44  Zealot x5  
  102  13:52  Protoss Shields Level 3 (Chrono Boost)  
  102  13:53  Observer  
  103  14:15  Observer  
  104  14:22  Sentry x3  
  104  14:23  High Templar  
  104  14:24  High Templar x4  
  116  14:25  Protoss Ground Armor Level 3 (Chrono Boost)  
  120  14:38  Nexus  
  120  14:39  Pylon  
  120  14:40  Pylon  
  120  14:42  Pylon  
  120  14:51  Assimilator  
  120  14:56  Assimilator  
  120  15:00  Zealot x6  
  120  15:01  Zealot x2  
  136  15:16  Gateway x2  
  136  15:18  Gateway x2  
  136  15:32  High Templar  
  136  15:34  Stalker x3  
  136  15:35  Stalker  
  146  15:36  Sentry  
  146  15:37  Sentry x2  
  152  15:58  Probe  
  153  16:10  Probe  
  154  16:26  Zealot x4  
  154  16:28  Sentry  
  154  16:29  Stalker x6  
  154  16:30  Stalker  
  178  16:54  High Templar x2  
  178  16:55  High Templar x2  
  178  16:57  Stalker x3  
  178  16:58  Stalker x3  
  178  16:59  Stalker  
  160  17:55  Stalker x4  
  160  17:56  Stalker x5  
  160  17:57  Stalker x3  
  142  18:13  Nexus  
  142  18:15  Pylon x3  
  142  18:19  Assimilator x2  
  100  18:29  Archon  
  100  18:41  Zealot x2  
  100  18:42  Zealot x7  
  100  18:43  Zealot x3  
  72  19:18  Zealot x3  
  72  19:19  Zealot x6  
  72  19:20  Zealot x3  
  94  19:52  Stalker x2  
  96  19:53  Stalker x6  
  96  19:54  Stalker x2  
  96  19:55  Stalker x2  
  75  20:23  Stalker x2  
  75  20:24  Stalker x5  
  75  20:25  Stalker x4  
  75  20:26  Stalker  
  99  20:48  Sentry x2  
  99  20:49  Sentry x2  
  107  20:51  High Templar x6  
  107  20:55  Zealot x2  
  123  21:24  Zealot x5  
  123  21:25  Zealot  
  135  21:26  Stalker x5  
  135  21:27  Stalker  
  147  22:14  Stalker x2  
  147  22:15  Stalker x6  
  159  22:16  Stalker  
  159  22:17  Stalker x3  
  154  22:38  Stalker x2  
  154  22:39  Stalker x6  
  154  22:40  Stalker x4  
  178  23:05  High Templar x3  
  182  23:07  High Templar  
  182  23:08  Zealot  
  182  23:09  Zealot x6  
Show
View Real Time Build Order
Export as new Build Order

Draxx Terran 

Build Orders:  

Get SALT Encoding   

  12  0:00  SCV  
  13  0:12  SCV  
  14  0:20  Supply Depot  
  14  0:25  SCV  
  15  0:42  SCV  
  16  0:44  Barracks  
  16  0:50  Refinery  
  16  0:54  SCV  
  17  1:06  SCV  
  17  1:08  Refinery  
  18  1:18  SCV  
  19  1:30  SCV  
  20  1:34  Barracks Reactor  
  20  1:42  SCV  
  21  1:49  Command Center  
  21  2:01  Factory  
  21  2:12  Marine x2  
  23  2:21  Orbital Command  
  23  2:32  Supply Depot  
  23  2:44  Factory Tech Lab  
  23  2:46  Factory Reactor  
  23  2:53  SCV, Starport  
  24  3:03  Orbital Command  
  24  3:06  SCV  
  25  3:18  SCV  
  26  3:26  Widow Mine  
  26  3:27  Widow Mine  
  30  3:31  SCV  
  30  3:33  SCV  
  32  3:41  Refinery  
  32  3:43  SCV  
  32  3:45  Starport Reactor  
  32  3:48  Hellion  
  35  3:52  Starport  
  35  3:58  SCV  
  35  3:59  SCV  
  37  4:03  Refinery  
  37  4:10  SCV  
  37  4:11  SCV  
  37  4:14  Engineering Bay  
  39  4:23  SCV x2  
  41  4:35  SCV x2  
  43  4:41  Missile Turret  
  43  4:47  SCV x2, Starport Tech Lab  
  45  4:59  SCV  
  46  5:11  Supply Depot x2  
  46  5:12  Supply Depot  
  46  5:13  SCV x2, Liberator x2  
  54  5:23  Factory  
  54  5:28  Armory  
  54  5:30  Armory  
  54  5:32  SCV x2  
  56  5:44  SCV x2  
  58  5:50  Starport  
  58  5:53  Factory Tech Lab  
  58  5:56  Liberator  
  61  6:03  Viking x2  
  65  6:24  Siege Tank  
  68  6:25  Factory Tech Lab  
  68  6:29  Terran Vehicle Weapons Level 1  
  68  6:32  Viking, Command Center  
  68  6:33  Viking, Terran Ship Weapons Level 1  
  68  6:38  Liberator  
  75  6:45  SCV x2  
  77  6:57  SCV  
  78  7:18  Refinery  
  78  7:23  Fusion Core  
  78  7:28  Supply Depot  
  78  7:29  Supply Depot  
  78  7:30  Supply Depot x2  
  78  7:32  Supply Depot  
  78  7:43  Refinery, Liberator x2  
  78  7:44  SCV x2, Orbital Command  
  86  7:56  SCV x2  
  88  8:01  Neosteel Armor  
  88  8:08  SCV x2  
  88  8:10  SCV  
  88  8:11  Advanced Ballistics  
  91  8:18  Siege Tank  
  94  8:20  SCV x2  
  94  8:22  SCV  
  94  8:24  Terran Vehicle And Ship Armor Level 1, Starport  
  97  8:32  SCV x2  
  99  8:34  SCV  
  100  8:41  Liberator  
  100  8:42  Liberator  
  100  8:44  SCV x2  
  100  8:46  SCV  
  109  8:56  SCV  
  107  9:20  Liberator x3  
  116  9:38  Terran Vehicle Weapons Level 2  
  116  9:41  Hi-Sec Auto Tracking  
  116  9:57  SCV x3  
  119  10:03  Starport Tech Lab  
  119  10:09  SCV x3  
  122  10:21  SCV  
  123  10:25  Liberator x3  
  123  10:28  Command Center  
  132  10:36  Refinery  
  132  10:38  Command Center  
  132  11:00  Refinery  
  132  11:16  Liberator  
  132  11:18  Viking  
  133  11:19  Viking  
  133  11:20  Widow Mine  
  133  11:21  Widow Mine  
  133  11:22  Missile Turret  
  133  11:23  Liberator  
  133  11:24  Liberator x2  
  118  11:41  Widow Mine  
  118  11:43  Widow Mine  
  115  11:48  Viking  
  115  11:53  Refinery  
  111  12:02  Thor  
  111  12:04  Hellbat  
  110  12:18  Refinery  
  110  12:22  Raven, Liberator  
  98  12:25  Thor  
  101  12:36  SCV x2  
  101  12:37  SCV  
  99  12:43  Missile Turret  
  99  12:45  Hellbat  
  99  12:48  SCV  
  99  12:49  SCV x2  
  102  12:55  Marine  
  102  12:56  Marine  
  104  13:00  SCV  
  104  13:01  SCV x2  
  105  13:07  Hellbat  
  105  13:08  Thor  
  112  13:13  SCV x3, Marine x2  
  116  13:25  SCV x3  
  117  13:28  Hellbat  
  117  13:31  Marine x2  
  120  13:40  Planetary Fortress  
  120  13:41  Command Center  
  120  13:43  SCV x3  
  123  13:49  Marine x2, Siege Tank  
  123  13:51  Hellbat, Missile Turret  
  123  13:52  Missile Turret  
  123  13:55  SCV x3  
  133  14:07  SCV x3  
  136  14:12  Missile Turret, Widow Mine  
  136  14:13  Battlecruiser  
  136  14:14  Missile Turret  
  144  14:19  SCV x2  
  146  14:32  SCV x2  
  146  14:33  Missile Turret  
  146  14:37  Missile Turret  
  148  14:53  SCV x3, Planetary Fortress, Thor x2  
  148  14:58  Refinery  
  163  15:02  Refinery  
  163  15:58  Missile Turret x3  
  163  15:59  Missile Turret x2  
  163  16:00  Missile Turret x2  
  163  16:02  Command Center  
  163  16:03  Starport Tech Lab  
  163  16:14  SCV  
  163  16:15  SCV  
  151  16:53  Starport Tech Lab  
  147  17:14  Battlecruiser, Thor  
  159  17:25  Missile Turret  
  159  17:37  Battlecruiser  
  158  17:47  Battlecruiser, Thor  
  146  17:56  Thor  
  128  18:12  Terran Ship Weapons Level 2  
  128  18:13  Terran Vehicle Weapons Level 3  
  128  18:18  Battlecruiser  
  134  18:30  Thor  
  138  18:39  Siege Tank  
  134  18:41  Battlecruiser  
  129  18:56  Battlecruiser  
  129  19:12  Siege Tank  
  129  19:16  Command Center x2  
  132  19:18  Command Center  
  132  19:29  Weapon Refit  
  116  20:10  Thor  
  116  20:14  Battlecruiser  
  117  20:18  Battlecruiser  
  117  20:28  Battlecruiser, Terran Vehicle And Ship Armor Level 2  
  114  20:53  Siege Tank  
  112  21:18  Battlecruiser  
  112  21:22  Battlecruiser  
  118  21:32  Battlecruiser  
  106  22:22  Battlecruiser  
Show
View Real Time Build Order
Export as new Build Order

interzone Zerg - Winner!

Build Orders: Hatch First 

Get SALT Encoding   

  12  0:03  Drone  
  13  0:12  Overlord  
  13  0:19  Drone  
  14  0:31  Drone x2  
  16  0:36  Drone  
  17  0:56  Hatchery  
  16  1:00  Drone  
  16  1:01  Drone  
  18  1:09  Drone  
  19  1:19  Overlord  
  19  1:32  Drone  
  20  1:42  Spawning Pool, Extractor  
  20  1:44  Drone  
  19  1:51  Drone  
  21  2:01  Drone  
  21  2:09  Drone  
  21  2:14  Drone  
  23  2:20  Drone  
  24  2:23  Drone  
  24  2:29  Queen  
  27  2:31  Queen  
  29  2:38  Spine Crawler  
  29  2:43  Spine Crawler  
  27  2:46  Spore Crawler  
  27  2:51  Spore Crawler  
  25  2:52  Overlord, Drone x4  
  29  2:58  Drone  
  29  3:04  Overlord  
  29  3:05  Pneumatized Carapace  
  30  3:11  Overlord  
  30  3:16  Overlord  
  30  3:24  Overlord  
  30  3:25  Drone  
  31  3:32  Metabolic Boost  
  31  3:35  Drone  
  31  3:40  Drone  
  33  3:48  Drone x6  
  39  4:00  Queen  
  39  4:01  Overlord  
  41  4:04  Zergling x2  
  41  4:05  Drone  
  41  4:07  Drone  
  41  4:09  Drone  
  45  4:17  Spine Crawler  
  44  4:26  Drone x5  
  49  4:32  Spore Crawler  
  48  4:38  Spore Crawler  
  48  4:42  Zergling x8  
  51  5:05  Hatchery, Drone x4  
  51  5:06  Extractor  
  53  5:07  Extractor  
  53  5:09  Extractor  
  53  5:11  Extractor  
  53  5:13  Queen  
  52  5:22  Drone x4  
  56  5:50  Extractor  
  56  5:51  Hatchery  
  56  5:54  Zergling x16  
  56  5:55  Extractor  
  61  6:08  Spore Crawler  
  60  6:21  Extractor  
  59  6:25  Evolution Chamber  
  59  6:26  Baneling Nest  
  59  6:27  Evolution Chamber  
  59  6:32  Lair  
  56  6:50  Roach Warren  
  55  7:08  Spine Crawler  
  55  7:10  Zerg Melee Weapons Level 1  
  55  7:11  Zerg Ground Armor Level 1  
  55  7:14  Drone x20  
  74  7:16  Queen  
  76  7:40  Spore Crawler  
  76  7:44  Spore Crawler  
  74  7:46  Spine Crawler, Drone  
  74  7:47  Drone x3  
  77  7:53  Burrow  
  77  8:00  Queen  
  79  8:20  Hydralisk Den  
  79  8:22  Spire  
  68  9:01  Overseer x2  
  68  9:08  Zerg Missile Weapons Level 1  
  68  9:09  Zerg Ground Armor Level 2  
  68  9:30  Overlord x6, Drone  
  68  9:31  Hatchery  
  68  9:37  Zergling x2, Corruptor x9  
  87  9:42  Overlord x4  
  87  9:46  Overseer  
  87  9:48  Mutalisk  
  87  9:49  Mutalisk x7  
  103  10:11  Mutalisk x3  
  109  10:16  Hydralisk  
  109  10:19  Hydralisk  
  113  10:41  Zerg Flyer Weapons Level 1  
  113  10:47  Spire  
  112  10:51  Mutalisk  
  112  10:55  Overseer  
  114  10:59  Queen  
  114  11:04  Drone x6  
  117  11:05  Drone x2  
  117  11:10  Mutalisk x3  
  126  11:19  Overlord  
  126  11:20  Mutalisk, Hydralisk x2  
  126  11:21  Roach  
  132  11:29  Mutalisk, Hydralisk  
  133  11:44  Mutalisk, Hydralisk, Corruptor  
  139  11:56  Mutalisk, Hydralisk, Corruptor  
  139  11:57  Hydralisk  
  115  12:16  Overlord  
  115  12:17  Zergling x20  
  115  12:18  Zergling x2  
  122  12:26  Overlord  
  118  12:35  Queen  
  118  12:36  Zergling x6, Drone  
  112  12:55  Overlord  
  112  12:56  Mutalisk, Hydralisk, Corruptor  
  112  12:57  Zergling x8  
  112  12:58  Queen  
  118  13:00  Mutalisk, Hydralisk, Corruptor  
  118  13:01  Corruptor  
  123  13:05  Queen  
  119  13:14  Zergling x8  
  116  13:50  Infestation Pit  
  110  13:58  Nydus Network  
  108  14:05  Roach x16  
  140  14:14  Zergling x4  
  142  14:22  Extractor  
  142  14:23  Extractor  
  140  14:29  Zergling x18, Overlord  
  140  14:30  Zergling x2  
  150  14:32  Zerg Melee Weapons Level 2  
  150  14:33  Zerg Missile Weapons Level 2  
  150  14:36  Hive  
  150  15:06  Overseer  
  150  15:22  Overseer  
  150  15:33  Mutalisk x4  
  158  15:36  Overlord x2  
  158  15:37  Overlord x4  
  158  15:57  Nydus Canal  
  158  16:01  Overlord  
  158  16:03  Roach  
  158  16:04  Roach x11  
  182  16:20  Mutalisk x9  
  182  16:25  Overlord  
  200  16:38  Infestor  
  200  16:39  Mutalisk, Infestor, Corruptor  
  200  16:40  Infestor  
  200  16:43  Corruptor x2  
  200  16:44  Corruptor  
  184  16:58  Spore Crawler  
  183  17:13  Zergling x2  
  183  17:14  Zergling x16  
  192  17:23  Corruptor  
  192  17:24  Corruptor x2  
  198  17:44  Zerg Flyer Weapons Level 2  
  198  17:45  Hatchery  
  198  17:48  Corruptor  
  199  17:55  Greater Spire  
  199  18:25  Mutalisk, Hydralisk, Infestor, Corruptor x2  
  199  18:26  Mutalisk, Hydralisk, Infestor, Corruptor x2  
  199  18:27  Hydralisk, Corruptor  
  198  18:28  Hydralisk  
  198  18:29  Zergling x2, Overlord  
  161  18:42  Infestor, Corruptor, Mutalisk, Hydralisk  
  161  18:43  Overlord, Roach, Hydralisk  
  159  18:50  Overlord  
  159  18:51  Roach x2  
  142  19:13  Brood Lord x2  
  142  19:14  Brood Lord x3  
  148  19:17  Zergling x2  
  148  19:19  Zergling x4  
  141  19:38  Drone x5  
  146  19:46  Overlord, Mutalisk, Hydralisk  
  146  19:47  Infestor  
  146  19:49  Zergling x2  
  153  19:53  Mutalisk  
  153  19:58  Hydralisk  
  141  20:52  Spine Crawler, Spore Crawler x2, Evolution Chamber  
  141  20:53  Spine Crawler  
  131  20:57  Spore Crawler, Zergling x2, Overlord, Infestor, Hydralisk, Corruptor  
  131  21:02  Mutalisk  
  104  21:24  Overlord  
  104  21:25  Zergling x10  
  99  21:26  Zergling x2  
  99  21:32  Overlord  
  94  21:35  Zergling x2  
  94  21:37  Zergling x2  
  88  21:41  Zergling x2  
  89  21:53  Zergling x8  
  78  22:08  Zergling x4  
  78  22:09  Zergling x8  
  84  22:15  Mutalisk  
  84  22:22  Extractor  
  85  22:23  Queen  
  85  22:24  Extractor  
  86  22:35  Corruptor x2  
  90  22:44  Mutalisk, Hydralisk  
  90  22:46  Mutalisk  
  96  22:58  Overseer  
  96  22:59  Overseer  
  96  23:04  Zergling x12  
  96  23:05  Zergling x2  
  103  23:11  Drone x3  
Tags
 
Add a new tag
Caveats
  • Supply blocks, unpowered buildings, or Contaminate may cause inaccurate times.
  • Supply counts are checked every 10 seconds.